Map: Orbital Shipyard

Players

FREEloss - Winner!

  • Race: Zerg Zerg
  • League: Platinum

LilDicky

  • Race: Terran Terran
  • League: Diamond

VOD

http://www.twitch.tv/tumescentpie

Description

Time

  • Played on: Nov. 23, 2015, 4:41 p.m.
  • Length: 15:43
Show
View Real Time Build Order
Export as new Build Order

FREEloss Zerg - Winner!

Build Orders: Hatch First, Muta Ling Bane 

Get SALT Encoding   

  12  0:01  Drone  
  13  0:12  Overlord  
  13  0:18  Drone  
  14  0:31  Drone x2  
  16  0:36  Drone  
  17  0:46  Drone  
  18  0:57  Hatchery  
  18  1:03  Drone  
  18  1:07  Drone  
  19  1:19  Spawning Pool  
  19  1:21  Drone  
  19  1:30  Drone  
  19  1:31  Extractor  
  19  1:44  Hatchery  
  18  1:50  Drone  
  18  1:52  Overlord  
  19  2:03  Drone  
  20  2:10  Queen  
  20  2:15  Queen  
  24  2:19  Zergling x2  
  25  2:26  Zergling x2  
  25  2:28  Drone  
  27  2:31  Drone  
  28  2:39  Drone x2  
  30  2:45  Drone x2  
  32  2:54  Drone x2  
  34  3:01  Metabolic Boost  
  34  3:03  Drone x2  
  36  3:09  Drone x2  
  38  3:13  Queen  
  38  3:16  Overlord  
  40  3:20  Overlord  
  40  3:25  Overlord  
  40  3:33  Drone x2  
  44  3:34  Drone x3  
  44  3:39  Drone  
  46  3:43  Lair  
  46  3:46  Drone x3  
  49  3:59  Drone x4, Baneling Nest  
  49  4:00  Drone  
  53  4:08  Extractor x2  
  53  4:09  Extractor  
  51  4:10  Drone x3  
  51  4:12  Drone x2  
  55  4:22  Drone x3, Overlord  
  55  4:23  Overlord  
  58  4:37  Overlord  
  58  4:41  Evolution Chamber  
  58  4:43  Evolution Chamber  
  58  4:45  Zergling x18  
  65  4:48  Centrifical Hooks  
  65  4:57  Zergling x2  
  65  4:58  Zergling x6  
  68  5:02  Baneling x2  
  68  5:04  Zergling x2  
  68  5:05  Zergling x10  
  74  5:13  Baneling x2  
  73  5:21  Overlord x2  
  73  5:22  Overlord  
  73  5:35  Overlord  
  73  5:36  Overlord  
  73  5:38  Zerg Melee Weapons Level 1  
  73  5:39  Zerg Ground Armor Level 1  
  73  5:42  Drone  
  74  5:58  Baneling x3  
  74  5:59  Baneling x5  
  74  6:03  Drone x3  
  76  6:07  Drone  
  76  6:08  Drone x4  
  72  6:13  Zergling x16  
  74  6:32  Drone x5  
  79  6:34  Extractor  
  79  6:35  Extractor  
  79  6:38  Hatchery  
  76  6:45  Drone x8  
  84  6:48  Queen  
  85  6:55  Hatchery  
  85  7:01  Baneling x8  
  84  7:05  Hatchery, Overlord x2  
  84  7:06  Overlord x2  
  83  7:26  Spire  
  82  7:34  Drone x3  
  82  7:35  Drone x2  
  87  7:37  Zergling x2  
  87  7:38  Zergling x16  
  93  7:45  Zergling x2  
  92  7:52  Zergling x12  
  79  8:23  Queen  
  79  8:24  Drone x4  
  85  8:27  Drone  
  85  8:28  Drone x2  
  85  8:30  Baneling x4  
  85  8:32  Overlord  
  88  8:39  Drone x2  
  92  8:43  Mutalisk, Zerg Flyer Armor Level 1  
  92  8:44  Mutalisk x14  
  122  8:50  Overseer x2  
  122  8:53  Pneumatized Carapace  
  120  9:07  Overlord  
  120  9:08  Overlord  
  118  9:18  Zerg Ground Armor Level 2  
  118  9:19  Zerg Melee Weapons Level 2  
  106  9:32  Mutalisk x3  
  106  9:37  Drone x13  
  121  9:57  Overlord x4  
  117  10:24  Zergling x44  
  117  10:27  Baneling x3  
  117  10:28  Baneling x6  
  139  10:39  Zergling x4  
  139  10:40  Zergling x8  
  145  10:44  Baneling x7  
  141  10:56  Mutalisk  
  141  10:57  Mutalisk x6  
  135  10:59  Overlord x4  
  149  11:04  Spine Crawler  
  149  11:05  Spine Crawler  
  122  11:28  Mutalisk x3  
  122  11:29  Mutalisk x5  
  135  12:08  Hatchery  
  127  12:18  Zerg Flyer Armor Level 2  
  127  12:23  Zergling x16  
  127  12:24  Zergling x14  
  127  12:28  Baneling x18  
  142  12:32  Overseer  
  142  12:38  Hatchery  
  130  12:55  Zergling x16  
  135  13:15  Zergling x16  
  134  13:54  Zergling x2  
  134  13:55  Zergling x34  
  151  14:23  Baneling  
  151  14:24  Baneling x14  
  148  14:37  Extractor x2  
  145  14:38  Spine Crawler  
  145  14:39  Spore Crawler, Spine Crawler  
  145  14:40  Spine Crawler  
  145  14:42  Spine Crawler  
  134  14:46  Zergling x2  
  134  14:47  Zergling x40  
  155  14:54  Drone x3  
  158  15:22  Extractor x2  
Show
View Real Time Build Order
Export as new Build Order

LilDicky Terran 

Build Orders: Command Center First (CC), MMM Bio 

Get SALT Encoding   

  12  0:01  SCV  
  13  0:13  SCV  
  14  0:18  Supply Depot  
  14  0:25  SCV  
  15  0:39  SCV  
  16  0:51  SCV  
  17  1:01  Command Center  
  17  1:05  SCV  
  18  1:17  Barracks  
  18  1:19  SCV  
  19  1:31  SCV  
  20  1:43  SCV  
  21  1:55  SCV  
  21  1:58  Command Center  
  22  2:04  Marine  
  23  2:10  Supply Depot  
  24  2:18  Orbital Command  
  24  2:22  Orbital Command  
  23  2:25  Marine  
  24  2:44  SCV, Marine  
  26  2:53  Command Center  
  26  2:55  SCV  
  27  3:00  SCV  
  27  3:02  Marine  
  29  3:10  Orbital Command  
  29  3:12  SCV  
  30  3:21  SCV  
  30  3:23  Marine  
  32  3:30  Barracks  
  32  3:31  Barracks  
  32  3:33  Barracks  
  32  3:34  SCV x2  
  34  3:41  Marine  
  35  3:50  SCV x3  
  35  3:54  Barracks  
  38  3:59  Marine  
  38  4:02  SCV  
  40  4:07  Orbital Command  
  40  4:09  Barracks  
  40  4:10  Barracks  
  40  4:12  Orbital Command  
  40  4:13  SCV  
  40  4:16  SCV, Marine  
  40  4:17  Marine  
  43  4:18  Marine  
  43  4:19  Marine  
  46  4:28  SCV x2  
  48  4:34  Refinery x2, Marine x2  
  48  4:35  Refinery  
  48  4:36  Marine  
  48  4:37  Marine  
  52  4:39  Refinery  
  52  4:40  SCV x2  
  52  4:42  SCV  
  52  4:43  Marine  
  56  4:47  Barracks  
  56  4:52  Marine x2  
  57  4:53  SCV  
  57  4:54  Marine  
  57  4:55  Marine  
  57  4:56  Supply Depot x2  
  61  5:01  Marine  
  61  5:07  Marine x2  
  62  5:09  Marine  
  65  5:17  Marine  
  65  5:18  Barracks Tech Lab  
  65  5:21  Barracks Tech Lab  
  60  5:28  Marine x2  
  63  5:30  Barracks Reactor  
  63  5:32  Marine  
  63  5:34  SCV  
  63  5:35  Marine  
  64  5:36  Marine  
  64  5:37  Supply Depot  
  65  5:43  Marine  
  65  5:44  Barracks Reactor  
  65  5:45  Marine x2  
  65  5:46  Command Center  
  68  5:50  Marine  
  68  5:52  Supply Depot x2  
  68  5:53  Barracks  
  68  5:54  Barracks, Marine  
  68  5:55  SCV  
  68  5:56  SCV, Engineering Bay x2  
  73  6:01  Marine  
  73  6:02  Barracks Tech Lab  
  73  6:03  Marine x2  
  75  6:04  Stimpack  
  75  6:05  Combat Shields  
  75  6:09  Barracks Tech Lab, Orbital Command  
  58  6:11  Marine x2  
  58  6:12  Marine  
  55  6:23  Marine x5  
  55  6:25  Marine  
  49  6:27  Marine  
  49  6:29  Marine  
  51  6:33  Marine  
  49  6:54  Marine  
  49  6:55  Marine x2  
  49  6:56  Marine x2, Marauder x2  
  56  7:04  Marine  
  58  7:08  Barracks Tech Lab  
  58  7:09  Barracks Tech Lab  
  58  7:10  Terran Infantry Weapons Level 1  
  57  7:17  Planetary Fortress  
  57  7:28  Command Center  
  57  7:29  SCV  
  58  7:30  Marine  
  59  7:42  Marine x3  
  59  7:43  Marauder  
  59  7:44  Barracks Reactor, Marine x2  
  57  7:45  Marine  
  57  7:46  Marauder x3  
  57  7:47  Marine  
  57  7:49  SCV  
  67  8:00  Marine  
  68  8:10  Marine x2  
  68  8:11  Marauder, Marine  
  68  8:12  Marauder x5  
  71  8:15  Marine  
  71  8:18  Marine  
  71  8:19  Concussive Shells  
  73  8:20  Marine x2  
  73  8:22  Terran Infantry Armor Level 1  
  73  8:25  SCV  
  76  8:28  Marine x2  
  76  8:29  Marine  
  76  8:31  Factory  
  76  8:33  Marauder x4, Marine x2  
  89  8:35  SCV  
  89  8:36  SCV  
  89  8:38  Marine  
  92  8:45  Planetary Fortress  
  92  8:49  Missile Turret  
  82  9:08  Marine x2  
  82  9:09  Marauder  
  86  9:11  SCV  
  86  9:13  Marine x2  
  86  9:14  Marine  
  86  9:15  SCV  
  89  9:17  Armory  
  89  9:18  Marine x2  
  89  9:19  Starport  
  89  9:22  Factory Reactor  
  84  9:28  Marine  
  84  9:29  Marine x2  
  84  9:30  Marauder  
  70  9:33  Marine x3  
  71  9:40  Missile Turret  
  71  9:43  Missile Turret  
  71  10:03  Missile Turret, Marine  
  71  10:04  Missile Turret, Marine  
  72  10:10  Marine x5  
  72  10:11  Marine  
  72  10:14  Widow Mine, Marine x2  
  74  10:15  Medivac  
  74  10:19  Marine x2  
  80  10:26  Marine x2  
  77  10:35  Missile Turret  
  77  10:36  SCV x4, Missile Turret  
  77  10:37  Missile Turret, Marine  
  77  10:41  Terran Infantry Weapons Level 2  
  82  10:44  Terran Infantry Armor Level 2  
  82  10:58  Marine x2  
  82  10:59  Marauder  
  82  11:00  Missile Turret x2  
  86  11:16  Marine x2  
  86  11:17  Marine x10  
  98  11:20  Marauder  
  72  11:31  Widow Mine  
  71  11:34  Marine x5  
  71  11:35  Marauder x2, Marine x3  
  71  11:38  Medivac x2  
  71  11:39  Marine x2  
  89  11:43  Marine  
  89  11:45  SCV x2  
  93  11:47  SCV  
  93  11:50  SCV  
  93  11:52  Marine x2  
  93  12:10  Marine  
  93  12:11  Marine x4  
  93  12:12  Marauder x2  
  94  12:18  Widow Mine  
  94  12:20  Medivac  
  94  12:21  Medivac  
  100  12:24  Marine x2  
  100  12:28  Marine x2  
  104  12:31  Command Center  
  96  12:50  Medivac  
  96  12:51  Medivac  
  76  12:55  Marine x2  
  76  12:56  Marine x3  
  76  12:57  Marauder  
  73  13:02  Marine x2  
  73  13:03  Marine x5  
  80  13:08  Widow Mine  
  82  13:13  Marine x4  
  82  13:14  Marine  
  82  13:18  Marine  
  82  13:19  SCV  
  89  13:20  Medivac, Marine x3  
  89  13:21  Marine x4  
  81  13:30  Marine  
  81  13:31  Marine x4  
  86  13:36  Marauder  
  86  13:38  Marine x4  
  86  13:39  Marine x3  
  90  13:48  Marine  
  90  13:52  Marine x3  
  90  13:53  Marine  
  92  14:01  Marine x3  
  92  14:02  Marine x3  
  98  14:09  Marine  
  98  14:10  Marine  
  100  14:23  Widow Mine  
  102  14:25  Medivac x2  
  102  14:26  SCV x2  
  102  14:40  Marine  
  102  14:41  Marauder, Marine x2  
  102  14:42  Marauder x2  
  101  14:51  Widow Mine  
  101  14:52  Marine x2  
  103  14:59  Marine  
  106  15:20  Marine  
  106  15:25  Marine  
Tags
 
Add a new tag
Caveats
  • Supply blocks, unpowered buildings, or Contaminate may cause inaccurate times.
  • Supply counts are checked every 10 seconds.